Map: Catalisador LE

Players

DakkoN - Winner!

  • Race: Zerg Zerg
  • League: Master
  • Spawn Location: 11:00

AndrezinhoBH

  • Race: Terran Terran
  • League: Master
  • Spawn Location: 5:00

VOD

Have the link to the VOD?

Description

Time

  • Played on: March 23, 2018, 11:19 a.m.
  • Length: 14:15
Show
View Real Time Build Order
Export as new Build Order

DakkoN Zerg - Winner!

Build Orders: Hatch First 

Get SALT Encoding   

  12  0:01  Drone  
  13  0:12  Overlord  
  13  0:18  Drone  
  14  0:31  Drone  
  14  0:32  Drone  
  17  0:35  Drone  
  17  0:53  Hatchery  
  16  0:58  Drone x2  
  18  1:12  Extractor  
  18  1:14  Spawning Pool  
  17  1:18  Drone  
  17  1:20  Drone  
  18  1:28  Drone  
  19  1:39  Drone  
  20  1:49  Overlord  
  20  2:00  Queen  
  22  2:05  Zergling x2, Queen  
  22  2:08  Zergling x2  
  26  2:12  Drone  
  26  2:14  Metabolic Boost  
  27  2:15  Drone  
  28  2:23  Drone  
  28  2:26  Drone  
  30  2:32  Drone  
  31  2:41  Queen  
  33  2:47  Drone x2  
  33  2:49  Drone  
  33  2:51  Pneumatized Carapace  
  36  2:55  Overlord  
  36  3:04  Hatchery  
  35  3:08  Drone  
  35  3:11  Overlord  
  36  3:20  Drone  
  36  3:21  Drone x3  
  36  3:23  Drone x2  
  42  3:28  Overlord  
  42  3:30  Drone  
  43  3:35  Drone  
  44  3:51  Zergling x16  
  51  4:02  Extractor  
  51  4:03  Lair, Extractor  
  51  4:06  Spore Crawler  
  51  4:09  Evolution Chamber  
  47  4:10  Evolution Chamber  
  47  4:14  Drone  
  47  4:15  Drone x3  
  50  4:17  Queen  
  50  4:20  Drone x2  
  54  4:35  Drone  
  54  4:36  Drone x8  
  63  4:53  Drone  
  63  4:54  Drone x2  
  66  5:04  Roach Warren  
  66  5:05  Evolution Chamber  
  66  5:06  Zerg Ground Armor Level 1, Zerg Missile Weapons Level 1  
  64  5:11  Drone x2  
  64  5:12  Overlord  
  59  5:23  Drone x7  
  66  5:43  Drone  
  66  5:44  Drone x3  
  66  5:45  Extractor  
  66  5:46  Extractor  
  66  5:49  Glial Reconstitution  
  68  5:53  Drone, Spore Crawler  
  68  5:54  Overlord x3  
  68  5:55  Drone  
  68  5:56  Drone x5  
  74  6:04  Overlord  
  74  6:05  Overlord  
  74  6:06  Overlord  
  74  6:07  Overlord  
  74  6:11  Queen  
  74  6:15  Drone x4  
  74  6:18  Extractor  
  79  6:28  Roach x4  
  79  6:29  Roach x3  
  92  6:36  Drone x2  
  91  6:50  Roach  
  91  6:51  Roach x3  
  91  6:56  Spore Crawler  
  84  7:09  Drone  
  84  7:10  Drone x9  
  84  7:14  Zerg Ground Armor Level 2  
  84  7:15  Zerg Missile Weapons Level 2  
  92  7:21  Drone x3  
  95  7:31  Queen, Spire  
  95  7:32  Infestation Pit  
  95  7:35  Drone  
  96  7:51  Roach x7  
  102  7:53  Burrow  
  102  7:56  Tunneling Claws, Hatchery  
  109  8:04  Hatchery  
  108  8:14  Drone x4  
  112  8:30  Spine Crawler  
  112  8:31  Drone x3  
  114  8:34  Spine Crawler  
  114  8:37  Drone x2, Spine Crawler  
  114  8:43  Overseer  
  114  8:49  Hive  
  114  8:51  Roach x8  
  114  8:53  Overlord x3  
  124  9:19  Queen  
  124  9:20  Queen  
  128  9:28  Drone x4  
  128  9:29  Drone x10  
  128  9:30  Overlord  
  128  9:31  Overlord  
  130  10:12  Zerg Missile Weapons Level 3, Zerg Ground Armor Level 3  
  130  10:15  Greater Spire, Viper  
  130  10:16  Viper x3  
  142  10:32  Spore Crawler  
  142  10:34  Spine Crawler x2  
  139  10:36  Extractor x2  
  137  10:46  Roach x12  
  139  10:57  Roach x10  
  139  10:58  Roach x18  
  181  11:08  Roach x9  
  181  11:14  Roach  
  181  11:15  Roach  
  156  11:43  Extractor  
  156  11:44  Extractor  
  142  11:56  Roach  
  138  12:02  Roach  
  138  12:05  Corruptor  
  138  12:06  Corruptor x12  
  138  12:08  Overlord x3  
  160  12:27  Drone  
  160  12:28  Drone x4  
  165  12:32  Spine Crawler  
  165  12:33  Spine Crawler  
  165  12:34  Spine Crawler, Spore Crawler  
  147  13:34  Brood Lord  
  147  13:35  Brood Lord x12  
  171  13:43  Hydralisk Den  
  171  13:46  Spire  
  169  13:55  Hatchery  
Show
View Real Time Build Order
Export as new Build Order

AndrezinhoBH Terran 

Build Orders: Reaper Expand, Mech 

Get SALT Encoding   

  12  0:01  SCV  
  13  0:13  SCV  
  14  0:21  Supply Depot  
  14  0:25  SCV  
  16  0:42  SCV  
  16  0:43  Barracks  
  16  0:47  Refinery  
  16  0:55  SCV  
  17  1:07  SCV  
  18  1:19  SCV  
  18  1:20  Refinery  
  19  1:31  Orbital Command  
  19  1:40  Command Center  
  19  1:44  Reaper  
  20  1:52  Refinery  
  20  1:56  SCV  
  21  2:06  Supply Depot  
  21  2:14  Factory  
  21  2:20  SCV  
  22  2:23  Barracks Reactor  
  22  2:32  SCV  
  22  2:36  Supply Depot  
  23  2:44  SCV  
  24  2:55  Orbital Command  
  24  3:04  SCV  
  25  3:09  Hellion x2  
  25  3:11  Barracks Tech Lab  
  29  3:15  Factory  
  29  3:18  Starport  
  29  3:21  SCV  
  30  3:28  SCV  
  30  3:33  Hellion, SCV  
  33  3:51  Hellion  
  33  3:54  Hellion  
  37  3:56  SCV x2  
  37  3:59  Starport Reactor  
  39  4:08  SCV x2  
  37  4:13  Hellion  
  37  4:15  Hellion  
  41  4:18  Liberator x2  
  41  4:20  SCV x2, Supply Depot  
  41  4:21  Siege Tank  
  46  4:29  Marine  
  53  4:41  SCV  
  53  4:42  SCV  
  53  4:45  Refinery  
  55  4:47  Marine  
  56  4:54  SCV x2, Widow Mine  
  56  4:58  Hellion  
  62  5:09  Refinery  
  62  5:16  Hellion  
  62  5:18  SCV x2  
  62  5:38  Hellion  
  62  5:46  Armory  
  62  6:16  SCV x2, Medivac  
  62  6:17  Hellion x2, Supply Depot  
  70  6:29  Command Center  
  70  6:38  Medivac  
  70  6:39  Hellion x2, SCV x2  
  78  6:40  Supply Depot  
  77  6:54  SCV x2  
  77  6:59  Medivac  
  77  7:02  Hellion x2, Widow Mine, Supply Depot  
  73  7:08  Medivac  
  75  7:16  Factory  
  75  7:19  SCV x2, Factory  
  74  7:23  Siege Tank, Hellion x2  
  81  7:31  SCV x2  
  81  7:32  Barracks Reactor  
  83  7:45  Hellion x2  
  87  7:55  Hellion  
  89  8:00  Engineering Bay x2  
  89  8:06  Factory Tech Lab  
  89  8:07  Factory Tech Lab, Supply Depot  
  89  8:08  Supply Depot  
  89  8:16  Siege Tank, Supply Depot  
  89  8:17  Orbital Command  
  89  8:18  SCV x2  
  94  8:20  Barracks Tech Lab  
  94  8:23  Command Center  
  94  8:30  SCV x2, Supply Depot, Hi-Sec Auto Tracking  
  94  8:33  Building Armor  
  96  8:37  Refinery  
  96  8:39  Refinery  
  96  8:40  Thor  
  102  8:43  Hellion, SCV x2  
  102  8:44  Supply Depot  
  106  8:48  Thor  
  106  8:55  SCV  
  113  8:57  Hellion x2  
  113  8:58  Hellion  
  98  9:23  Thor  
  101  9:26  Hellion x2  
  105  9:31  Thor  
  109  9:50  Marauder  
  87  10:05  Hellion  
  87  10:06  Hellion x3, Siege Tank  
  85  10:11  Marine  
  86  10:14  Siege Tank  
  86  10:15  Factory  
  89  10:27  Hellion x4  
  97  10:28  Marine  
  98  10:38  Siege Tank  
  98  10:40  Orbital Command  
  101  10:46  Siege Tank, Marine  
  101  10:48  Hellion x3  
  101  10:49  Hellion  
  113  11:01  Factory Tech Lab  
  113  11:10  Siege Tank  
  104  11:18  Siege Tank  
  92  11:32  Marauder  
  74  11:41  Engineering Bay  
  74  11:42  Thor  
  73  11:47  Factory Reactor  
  73  11:50  Thor  
  73  11:53  Marine  
  62  12:11  Marine  
  62  12:14  Hellion x3  
  69  12:17  Orbital Command  
  66  12:25  Siege Tank, Missile Turret  
  66  12:29  Marine  
  70  12:31  SCV x3  
  70  12:33  Thor  
  79  12:43  SCV x3  
  82  12:46  Marine  
  82  12:49  Thor  
  78  12:55  SCV x3  
  78  12:57  Siege Tank  
  74  13:05  Marauder  
  69  13:07  SCV x3  
  72  13:16  Siege Tank  
  72  13:19  SCV x2, Orbital Command  
  77  13:26  Marine  
  71  13:29  Siege Tank  
  54  13:43  Marine  
  59  14:02  Refinery  
  64  14:03  Refinery  
Tags
 
Add a new tag
Caveats
  • Supply blocks, unpowered buildings, or Contaminate may cause inaccurate times.
  • Supply counts are checked every 10 seconds.